Map: Cerulean Fall LE

Players

goblin

  • Race: Protoss Protoss
  • League: Grandmaster
  • Spawn Location: 7:00

Lambo - Winner!

  • Race: Zerg Zerg
  • League: Grandmaster
  • Spawn Location: 1:00

VOD

Have the link to the VOD?

Description

Time

  • Played on: Jan. 11, 2019, 1:19 p.m.
  • Length: 4:29
Show
View Real Time Build Order
Export as new Build Order

goblin Protoss 

Build Orders: 1 Gate Expand, Oracle Opening 

Get SALT Encoding   

  12  0:00  Probe  
  13  0:12  Probe  
  14  0:19  Pylon  
  14  0:24  Probe  
  15  0:33  Probe  
  15  0:41  Gateway  
  15  0:42  Probe  
  16  0:47  Assimilator  
  17  0:52  Probe  
  18  1:04  Probe  
  19  1:20  Nexus  
  19  1:22  Probe  
  20  1:35  Cybernetics Core  
  20  1:37  Probe  
  21  1:43  Assimilator  
  21  1:49  Probe  
  21  1:52  Pylon  
  22  1:58  Probe  
  22  2:06  Probe  
  23  2:12  Stalker  
  23  2:15  Probe  
  26  2:22  Stargate  
  27  2:23  Probe  
  27  2:28  Probe  
  28  2:31  Probe, Warp Gate  
  28  2:36  Probe  
  30  2:42  Probe, Adept  
  34  2:46  Probe  
  35  2:54  Probe  
  35  2:56  Oracle  
  35  2:58  Probe  
  37  3:00  Assimilator  
  37  3:03  Assimilator  
  37  3:06  Probe  
  37  3:10  Probe  
  42  3:14  Gateway  
  42  3:20  Pylon  
  42  3:21  Probe  
  42  3:25  Probe  
  44  3:33  Oracle, Probe  
  45  3:38  Probe, Pylon  
  49  3:43  Gateway  
  34  4:03  Pylon  
Show
View Real Time Build Order
Export as new Build Order

Lambo Zerg - Winner!

Build Orders: Hatch First 

Get SALT Encoding   

  12  0:00  Drone  
  13  0:12  Overlord  
  13  0:17  Drone  
  14  0:31  Drone x2  
  16  0:48  Hatchery  
  15  0:51  Drone  
  15  0:55  Drone  
  17  0:59  Drone  
  18  1:09  Extractor  
  17  1:14  Spawning Pool  
  17  1:17  Drone  
  17  1:21  Drone  
  18  1:28  Drone  
  19  1:40  Drone  
  20  1:50  Overlord  
  20  2:00  Queen x2  
  24  2:02  Zergling x4  
  26  2:10  Metabolic Boost  
  26  2:14  Zergling x4  
  28  2:28  Zergling x4  
  30  2:35  Baneling Nest  
  29  2:37  Zergling x4  
  31  2:46  Zergling x4  
  33  2:55  Zergling x4  
  35  3:05  Zergling x2  
  36  3:10  Overlord  
  36  3:14  Extractor x2, Zergling x4  
  38  3:20  Baneling  
  38  3:21  Baneling x4  
  38  3:28  Baneling  
  38  3:30  Zergling x8  
  38  3:31  Zergling x2  
  38  3:32  Zergling x2  
  44  3:36  Baneling  
  41  3:51  Zergling x6  
  42  3:57  Zergling x4  
  43  4:04  Zergling x2  
Tags
 
Add a new tag
Caveats
  • Supply blocks, unpowered buildings, or Contaminate may cause inaccurate times.
  • Supply counts are checked every 10 seconds.